 Dungeon Crawl Stone Soup version 0.29.1-15-g9cfb28693d (webtiles) character file.

Game seed: 3712594183862914318

121 sking99 the Ogre Mage (level 5, -2/50 HPs)
             Began as an Ogre Earth Elementalist on Apr 9, 2023.
             Was an Initiate of Ashenzari.
             Slain by Ijyb
             ... wielding a +1 dagger of speed
              (5 damage)
             ... on level 3 of the Dungeon.
             The game lasted 00:08:23 (3082 turns).

sking99 the Ogre Mage (Ogre Earth Elementalist)     Turns: 3082, Time: 00:08:24

Health: -2/50      AC:  5    Str: 12    XL:     5   Next: 5%
Magic:  0/10       EV:  9    Int: 18    God:    Ashenzari [......]
Gold:   155        SH:  0    Dex:  9    Spells: 5/11 levels left

rFire   . . .      SeeInvis .   e - +0 dagger
rCold   . . .      Faith    .   (no shield)
rNeg    . . .      Spirit   .   a - +0 robe
rPois   .          Reflect  .   (helmet restricted)
rElec   .          Harm     .   r - +1 cloak
rCorr   .          Rampage  .   (gloves unavailable)
Will    .....                   (boots unavailable)
Stlth   +.........              u - amulet of regeneration
HPRegen 0.96/turn               (no ring)
MPRegen 0.12/turn               (no ring)

@: no status effects
A: large, unfitting armour, tough skin 1
a: Renounce Religion


You were on level 3 of the Dungeon.
You worshipped Ashenzari.
Ashenzari was noncommittal.
You visited 1 branch of the dungeon, and saw 3 of its levels.

You collected 155 gold pieces.

Inventory:

Hand Weapons
 e - a +0 dagger (weapon)
Missiles
 v - a throwing net
Armour
 a - a +0 robe (worn)
 i - an orb of guile
 r - a +1 cloak (worn)
Magical Staves
 j - a staff of poison
Jewellery
 u - an amulet of regeneration (around neck)
 w - an amulet of magic regeneration
Scrolls
 d - 2 scrolls of teleportation {unknown}
 h - a scroll of enchant armour {unknown}
 k - 2 scrolls of enchant weapon {unknown}
 l - 2 scrolls of immolation {unknown}
 m - 2 scrolls of identify {unknown}
 n - a scroll of fog {unknown}
 o - a scroll of vulnerability {unknown}
 s - a scroll of amnesia {unknown}
Potions
 b - 2 potions of magic
 c - a potion of degeneration {unknown}
 f - a potion of heal wounds {unknown}
 g - a potion of lignification {unknown}
 p - a potion of might {unknown}
 q - a potion of flight {unknown}
 t - a potion of invisibility {unknown}


   Skills:
 + Level 2.7 Fighting
 - Level 1.7 Dodging
 - Level 1.4 Stealth
 - Level 3.5 Spellcasting
 + Level 1.0 Conjurations
 - Level 1.8 Transmutations
 + Level 3.3 Earth Magic


You had 5 spell levels left.
You knew the following spells:

 Your Spells              Type           Power      Damage    Failure   Level
a - Sandblast             Erth           30%        2d9       3%          1
b - Passwall              Tmut/Erth      10%        N/A       9%          2
c - Stone Arrow           Conj/Erth      22%        3d8       19%         3

Your spell library contained the following spells:

 Spells                   Type           Power      Damage    Failure   Level
 Petrify                  Tmut/Erth      12%        N/A       47%         4
 Lee's Rapid Deconstruct  Erth           7%         3d8*      71%         5
 Fulminant Prism          Conj/Hex       2%         3d6       77%         4
 Iskenderun's Mystic Bla  Conj/Tloc      5%         2d3       77%         4


Dungeon Overview and Level Annotations

Branches:
Dungeon (3/15)

Altars:
Ashenzari

Annotations:
D:3 Ijyb; protoss039's ghost, weakling TeEn


Innate Abilities, Weirdness & Mutations

You are too large for most types of armour.
You have tough skin. (AC +1)


Message History

You hit Ijyb.
Ijyb is almost dead.
Ijyb hits you with a +1 dagger of speed.
* * * LOW HITPOINT WARNING * * *
You hit Ijyb but do no damage.
Ijyb is almost dead.
Ijyb barely misses you.
You hit Ijyb but do no damage.
Ijyb is almost dead.
Ijyb hits you with a +1 dagger of speed. x2
* * * LOW HITPOINT WARNING * * *
You hit Ijyb but do no damage.
Ijyb is almost dead.
Ijyb completely misses you.
You hit Ijyb but do no damage.
Ijyb is almost dead.
Ijyb hits you but does no damage.
Ijyb hits you with a +1 dagger of speed.
* * * LOW HITPOINT WARNING * * *
You closely miss Ijyb.
Ijyb is almost dead.
Ijyb hits you with a +1 dagger of speed.
* * * LOW HITPOINT WARNING * * *
You barely miss Ijyb.
Ijyb is almost dead.
Ijyb hits you with a +1 dagger of speed.
* * * LOW HITPOINT WARNING * * *
Ijyb hits you with a +1 dagger of speed.
* * * LOW HITPOINT WARNING * * *
Casting: Sandblast (safe; 3% risk of failure)
Confirm with . or Enter, or press ? or * to list all spells.
Aiming: Sandblast (safe; 3% risk of failure)
Press: ? - help, Shift-Dir - straight line, f/p - Ijyb
Aim: Ijyb, wielding a +1 dagger of speed and wearing a +3 leather armour of cold resistance (almost dead, 77% to hit)
The blast of sand hits Ijyb but does no damage.
Ijyb is almost dead.
Ijyb hits you with a +1 dagger of speed!
* * * LOW HITPOINT WARNING * * *
Ijyb hits you with a +1 dagger of speed.
You die...

#.#############
#.
#............#
##
#######......#
# #......#
#......#
#......######
#............
###.###......
#..@g......
#####./....
..... ####


You could see Ijyb.

Vanquished Creatures
  An orc priest (D:3)
  2 adders
  A worm (D:2)
  3 dart slugs
  4 orcs (D:3)
  2 endoplasms
  2 giant cockroaches
  4 goblins
  2 hobgoblins
  10 jackals
  5 kobolds
  A quokka (D:1)
  6 ball pythons
  5 bats
  8 frilled lizards
  2 rats (D:1)
58 creatures vanquished.

Notes
Turn   | Place    | Note
-------+----------+-------------------------------------------
     0 | D:1      | sking99 the Ogre Earth Elementalist began the quest for the
                  | Orb.
     0 | D:1      | Reached XP level 1. HP: 16/16 MP: 3/3
   114 | D:1      | Reached skill level 1 in Transmutations
   392 | D:1      | Reached skill level 1 in Fighting
   392 | D:1      | Reached XP level 2. HP: 27/27 MP: 2/5
   466 | D:1      | Learned a level 2 spell: Passwall
   934 | D:1      | Reached XP level 3. HP: 33/33 MP: 4/7
  1467 | D:2      | Learned a level 3 spell: Stone Arrow
  1668 | D:2      | Reached XP level 4. HP: 41/42 MP: 5/8
  2508 | D:3      | Found a broken altar of Ashenzari.
  2575 | D:3      | Became a worshipper of Ashenzari the Shackled
  2701 | D:3      | Found a faded altar of an unknown god.
  2836 | D:3      | Reached XP level 5. HP: 50/50 MP: 1/10
  2934 | D:3      | Noticed protoss039's ghost (weakling TeEn)
  2957 | D:3      | Reached skill level 1 in Conjurations
  3050 | D:3      | Noticed Ijyb
  3082 | D:3      | Slain by Ijyb

Illustrated notes

Levels and vault maps discovered:
D:1:      tarquinn_simple_flora_water_a, layout_basic
D:2:      layout_basic
D:3:      layout_basic, mainiacjoe_overflow_brackets, nicolae_ru_path_of_blood,
          hellmonk_ghost_happy_afterlife, dilly_ecumenical_altar_fadedgnrine,
          uniq_ijyb

Skill      XL: |  1  2  3  4  5 |
---------------+----------------+-----
Transmutations | 1 |  1.8
Fighting       | 1 2 |  2.7
Earth Magic    | 3 |  3.3
Spellcasting   | 3 |  3.5
Conjurations   | 1 |  1.0
Dodging        | |  1.7
Stealth        | |  1.4

Action                   |  1- 3 |  4- 6 || total
-------------------------+-------+-------++-------
Melee: Unarmed           |    16 |       ||    16
       Dagger            |       |    31 ||    31
 Cast: Sandblast         |    64 |    35 ||    99
       Stone Arrow       |       |     3 ||     3
Armor: Robe              |    18 |    10 ||    28
Dodge: Dodged            |    32 |    19 ||    51
